 Dungeon Crawl Stone Soup version 0.27-a0-1200-g94dc6ad4cf (webtiles) character file.

Game seed: 4116801895493276116

1 zezblit the Bolt Thrower (level 1, 0/12 HPs)
             Began as a Kobold Hunter on May 31, 2021.
             Slain by a gnoll
             ... wielding a +0 spear
              (5 damage)
             ... on level 1 of the Dungeon.
             The game lasted 00:03:18 (43 turns).

zezblit the Bolt Thrower (Kobold Hunter)              Turns: 43, Time: 00:03:19

Health: 0/12       AC:  3    Str:  9    XL:     1   Next: 22%
Magic:  1/1        EV: 14    Int: 12    God:
Gold:   6          SH:  0    Dex: 15    Spells: 0/0 levels left

rFire    . . .     SeeInvis .   a - +1 hand crossbow
rCold    . . .     Faith    .   (shield restricted)
rNeg     . . .     Spirit   .   c - +0 leather armour
rPois    .         Reflect  .   (no helmet)
rElec    .         Harm     .   (no cloak)
rCorr    .         Rampage  .   (no gloves)
Will     .....                  (no boots)
Stlth    +++.......             (no amulet)
HPRegen  0.04/turn              (no ring)
MPRegen  0.07/turn              (no ring)

@: no status effects
A: small, no large weapons, nightstalker 3
a: no special abilities


You were on level 1 of the Dungeon.
You visited 1 branch of the dungeon, and saw 1 of its levels.

You collected 6 gold pieces.

Inventory:

Hand Weapons
 a - a +1 hand crossbow (weapon)
 b - a +0 short sword
Missiles
 d - 17 bolts (quivered ammo)
 e - 13 poisoned darts
Armour
 c - a +0 leather armour (worn)
Scrolls
 f - a scroll of fog {unknown}


   Skills:
 + Level 2.1 Fighting
 + Level 4.9 Crossbows
 + Level 2.4 Dodging
 + Level 1.3 Stealth


You couldn't memorise any spells.
You didn't know any spells.
Your spell library was empty.

Dungeon Overview and Level Annotations

Branches:
Dungeon (1/15)

Altars:


Innate Abilities, Weirdness & Mutations

You are small and have problems with some larger weapons.
You are completely attuned to the shadows.


Message History

You now have 6 gold pieces.
A hobgoblin comes into view.
The hobgoblin shouts!
Fire: 20 bolts
Press: ? - help, Q - select action, (/) - cycle Shift-Dir - straight line, f - hobgoblin
Aim: a hobgoblin (66% to hit)
You shoot a bolt. The bolt hits the hobgoblin.
The hobgoblin is lightly wounded.
Fire: 19 bolts
Press: ? - help, Q - select action, (/) - cycle Shift-Dir - straight line, f/p - hobgoblin
Aim: a hobgoblin (lightly wounded, 66% to hit)
You shoot a bolt. The bolt hits the hobgoblin!
You kill the hobgoblin!
d - 19 bolts (gained 1)
d - 20 bolts (gained 1)
f - a scroll labelled YREAMM HALIU A kobold comes into view.
It is wielding a +0 short sword.
Fire: 20 bolts
Press: ? - help, Q - select action, (/) - cycle Shift-Dir - straight line, f - kobold
Aim: a kobold, wielding a +0 short sword and quivering stones (asleep, 98% to hit)
You shoot a bolt.
The bolt hits the kobold but does no damage.
The kobold shouts!
A gnoll comes into view. It is wielding a +0 spear.
Unknown command.
Fire: 19 bolts
Press: ? - help, Q - select action, (/) - cycle Shift-Dir - straight line, f/p - kobold
Aim: a kobold, wielding a +0 short sword and quivering stones (60% to hit)
You shoot a bolt. The bolt closely misses the kobold.
The gnoll shouts!
Fire: 18 bolts
Press: ? - help, Q - select action, (/) - cycle Shift-Dir - straight line, f/p - kobold
Aim: a kobold, wielding a +0 short sword and quivering stones (60% to hit)
You shoot a bolt.
The bolt hits the kobold but does no damage.
The kobold closely misses you.
The gnoll hits you from afar with a +0 spear!
Ouch! That really hurt!
The gnoll hits you from afar with a +0 spear.
You die...

.≈≈≈.≈≈≈...##
≈≈♣....≈≈...#
≈..8....≈≈..#
.≈≈.........≈≈.#
.≈.....♣.....≈.##
.≈..♣.....8..≈..#
.≈≈..8.<..♣.≈≈..#
..≈≈.....).≈≈...###
#..≈≈...♣.≈≈.@K....
##..≈≈≈≈≈≈≈..#.(...
##.........##.g...
####..######....(
#....(


You could see a gnoll and a kobold.

Vanquished Creatures
  A hobgoblin (D:1)
1 creature vanquished.

Notes
Turn   | Place    | Note
-------+----------+-------------------------------------------
     0 | D:1      | zezblit the Kobold Hunter began the quest for the Orb.
     0 | D:1      | Reached XP level 1. HP: 12/12 MP: 1/1
    43 | D:1      | Slain by a gnoll

Illustrated notes

Levels and vault maps discovered:
D:1:      moated_graveyard_arrival, layout_basic

Action                   || total
-------------------------++-------
 Fire: Hand crossbow     ||     5
Dodge: Dodged            ||     1

Table legend: (Time is in decaauts)
 A = Elapsed time spent in this place.
 B = Non-inter-level travel time spent in this place.
 C = Inter-level travel time spent in this place.
 D = Time resting spent in this place.
 E = Time spent auto-exploring this place.
 F = Levels seen in this place.
 G = Mean time per level.
                   A        B        C        D        E       F      G
               +--------+--------+--------+--------+--------+-----+--------+
         Total |     44 |     44 |      0 |      0 |     12 |   1 |   44.0 |
       Dungeon |     44 |     44 |      0 |      0 |     12 |   1 |   44.0 |
               +--------+--------+--------+--------+--------+-----+--------+

Top non-repeatable levels by time:
     D:1: 44 daAuts
